 Dungeon Crawl Stone Soup version 0.19.5 (webtiles) character file.

968556 dze the Ruinous (level 27, -2/179 HPs)
             Began as a Gargoyle Wizard on Apr 30, 2017.
             Was the Champion of Vehumet.
             Slain by the Serpent of Hell (11 damage)
             ... on level 7 of the Iron City of Dis on May 18, 2017.
             The game lasted 18:38:11 (141509 turns).

dze the Ruinous (Gargoyle Wizard)                 Turns: 141509, Time: 18:38:11

Health: -2/179     AC: 51    Str: 21    XL:     27
Magic:  31/59      EV: 20    Int: 34    God:    Vehumet [******]
Gold:   12920      SH:  8    Dex: 10    Spells: 14 memorised, 8 levels left

rFire  + + .     SeeInvis +     b - staff of energy
rCold  + . .     Gourm    +     Y - +3 leather armour of Misanthropy {rN+ Dex+2 SInv}
rNeg   + + +     Faith    .     r - +2 buckler {rF+}
rPois  ∞         Spirit   .     J - +2 hat {Int+3}
rElec  +         Reflect  .     T - +2 cloak {rC+}
rCorr  +         Harm     .     O - +0 pair of gloves {Str+3}
MR     +++++                    S - +5 pair of boots of the Tired Planets {rC+ rCorr Str+4 Int+2}
Stlth  ++++......               M - amulet of the gourmand
                                e - ring of Robustness {AC+8}
                                H - ring "Ugeiq" {rF+ rC- rN+ MR+++ MP+9}

@: flying
A: big wings, negative energy resistance 1, electricity resistance, unbreathing,
petrification resistance, rot immunity, AC +20
a: Stop Flying, Renounce Religion
}: 6/15 runes: serpentine, barnacled, slimy, silver, golden, bone


You were on level 7 of the Iron City of Dis.
You worshipped Vehumet.
Vehumet was exalted by your worship.
You were very full.

You visited 16 branches of the dungeon, and saw 75 of its levels.
You also visited: Trove and Ice Cave.

You collected 13040 gold pieces.
You spent 120 gold pieces at shops.

Inventory:

Hand Weapons
 a - the +8 long sword of the Unkillable {slice, Int+4}
   (You took it off an orc warrior on level 5 of the Vaults)

   It inflicts extra damage upon your enemies.
   It affects your intelligence (+4).
 i - the +7 whip of Makhleb's Displeasure {protect, Str+4}
   (You found it on level 3 of the Tomb of the Ancients)

   It protects the one who uses it against injury (+AC on strike).
   It affects your strength (+4).
 x - the +8 halberd "Killer Bee's Curse" {venom, *Noise +Blink rC+ Str+9}
   (You found it on level 6 of the Dungeon)

   It poisons the flesh of those it strikes.
   It affects your strength (+9).
   It protects you from cold.
   It lets you blink.
   It may make noises in combat.
Armour
 j - a +0 robe of the Archmagi
 r - a +2 buckler of fire resistance (worn)
 C - the +1 robe "Ugiossue" {rC+ Int+2 Stlth+}
   (You found it on level 4 of the Dungeon)

   It affects your intelligence (+2).
   It protects you from cold.
   It makes you more stealthy.
 J - a +2 hat of intelligence (worn)
 O - a +0 pair of gloves of strength (worn)
 S - the +5 pair of boots of the Tired Planets (worn) {rC+ rCorr Str+4 Int+2}
   (You found it on level 6 of the Lair of Beasts)

   It affects your strength (+4).
   It affects your intelligence (+2).
   It protects you from cold.
   It protects you from acid and corrosion.
 T - a +2 cloak of cold resistance (worn)
 Y - the +3 leather armour of Misanthropy (worn) {rN+ Dex+2 SInv}
   (You found it on level 3 of the Tomb of the Ancients)

   It affects your dexterity (+2).
   It protects you from negative energy.
   It lets you see invisible.
Magical Staves
 b - an uncursed staff of energy (weapon)
Jewellery
 e - the ring of Robustness (right hand) {AC+8}
   (You found it in a treasure trove)

   [ring of protection]

   It affects your AC (+8).
 H - the ring "Ugeiq" (left hand) {rF+ rC- rN+ MR+++ MP+9}
   (You found it in a treasure trove)

   [ring of magical power]

   It protects you from fire.
   It makes you vulnerable to cold.
   It protects you from negative energy.
   It affects your resistance to hostile enchantments.
   It affects your magic capacity (+9).
 K - a +4 amulet of reflection
 M - an amulet of the gourmand (around neck)
Wands
 f - a wand of teleportation (0/9)
 n - a wand of teleportation (0/9)
 y - a wand of flame (9/48)
 z - a wand of iceblast (3/15)
 F - a wand of digging (3/24)
 R - a wand of heal wounds (0/9)
Scrolls
 c - 17 scrolls of identify
 g - 9 scrolls of teleportation
 l - 2 scrolls of recharging
 p - 22 scrolls of remove curse
 t - 8 scrolls of fear
 G - a scroll of holy word
 I - 10 scrolls of magic mapping
 P - 3 scrolls of blinking
Potions
 s - 8 potions of haste
 A - 17 potions of curing
 D - 4 potions of heal wounds
 E - a potion of cure mutation
Miscellaneous
 V - a crystal ball of energy
Comestibles
 h - 13 fruits
 B - 6 meat rations


   Skills:
 * Level 19.9 Fighting
 + Level 7.2 Long Blades
   Level 1.0(6.4) Axes
 - Level 1.2(1.4) Maces & Flails
 - Level 10.0 Polearms
 + Level 18.9 Armour
 + Level 17.3 Dodging
 - Level 9.0 Stealth
 + Level 12.3 Shields
 + Level 23.8 Spellcasting
 + Level 25.6 Conjurations
   Level 3.0 Hexes
 - Level 1.0 Charms
 - Level 7.3 Summonings
 - Level 1.0 Translocations
 + Level 21.9 Fire Magic
 * Level 17.6 Air Magic
 - Level 3.2 Earth Magic
 - Level 1.1 Poison Magic
 * Level 16.8 Evocations


You had 8 spell levels left.
You knew the following spells:

 Your Spells              Type           Power        Failure   Level  Hunger
a - Magic Dart            Conj           ####         0%          1    None
b - Blink                 Tloc           N/A          1%          2    None
c - Mephitic Cloud        Conj/Pois/Air  #######.     0%          3    None
e - Iskenderun's Mystic   Conj           ########     0%          4    None
f - Iron Shot             Conj/Erth      #######...   1%          6    None
g - Orb of Destruction    Conj           ########..   1%          7    None
h - Summon Butterflies    Summ           ######..     1%          1    None
i - Lehudib's Crystal Sp  Conj/Erth      #######...   4%          8    None
j - Aura of Abjuration    Summ           ######....   1%          5    None
r - Repel Missiles        Chrm/Air       ######       1%          2    None
s - Iskenderun's Battles  Conj/Chrm      #######.     1%          5    None
t - Tornado               Air            ########..   11%         9    None
w - Conjure Flame         Conj/Fire      ########     0%          3    None
x - Fire Storm            Conj/Fire      ########..   2%          9    None


Dungeon Overview and Level Annotations

Branches:
Dungeon (15/15)            Temple (1/1) D:7            Lair (6/6) D:8
 Shoals (4/4) Lair:3        Snake (4/4) Lair:2        Slime (5/5) Lair:6
    Orc (2/2) D:9             Elf (3/3) Orc:2        Vaults (5/5) D:13
  Crypt (3/3) Vaults:2       Tomb (3/3) Crypt:3      Depths (5/5) D:15
   Hell (1/1)                 Dis (7/7) Hell            Geh (0/7) Hell
    Coc (0/7) Hell            Tar (7/7) Hell            Zot (4/5) Depths:5

Altars:
Ashenzari
Cheibriados
Dithmenos
Elyvilon
Fedhas
Gozag
Hepliaklqana
Kikubaaqudgha
Makhleb
Nemelex Xobeh
Okawaru
Qazlal
Ru
Sif Muna
Trog
Uskayaw
Vehumet
Xom
Yredelemnul
Zin
The Shining One
Beogh
Jiyva

Shops:
D:14 *   Orc:2 =(*!   Elf:2 =   Shoals:1 (   Shoals:4 !   Snake:3 *
Vaults:5 !!%!   Depths:2 :

Portals:
Hell: Lair:6 Depths:1 Depths:2 Depths:3 Depths:4 Depths:5
Abyss: Depths:2 Depths:3 Depths:4
Pandemonium: Depths:1 Depths:3 Depths:4
Ziggurat: Depths:1

Annotations:
Vaults:4 1 exclusion
Depths:4 Cant find dore
Dis:7 Serpent of Hell


Innate Abilities, Weirdness & Mutations

You are resistant to torment.
Your stone body is resilient. (AC +20)
You are immune to poison.
Your large and strong wings let you fly indefinitely.
You resist negative energy. (rN+)
You are resistant to electric shocks. (rElec)
You can survive without breathing.
You are immune to petrification.
You are immune to rotting.


Message History

The Serpent of Hell bites you but does no damage.
The Serpent of Hell completely misses you.
The Serpent of Hell barely misses you. The hellion closely misses you.
The quicksilver dragon bites you but does no damage.
The quicksilver dragon barely misses you.
The Serpent of Hell bites you from afar!!
* * * LOW HITPOINT WARNING * * *
The Serpent of Hell bites you from afar.
* * * LOW HITPOINT WARNING * * *
The Serpent of Hell bites you from afar!!
* * * LOW HITPOINT WARNING * * *
The quicksilver dragon misses you. The quicksilver dragon claws you.
* * * LOW HITPOINT WARNING * * *
The quicksilver dragon breathes dispelling energy at you.
The bolt of dispelling energy hits you!
* * * LOW HITPOINT WARNING * * *
The quicksilver dragon breathes dispelling energy at you.
The bolt of dispelling energy misses you.
The Serpent of Hell bites you from afar!
You die...

#########.....## #.
..........D..... #.
.........zD#####
#..####''##.....§#
#..#......#..5§..#
.'......#.####.#
#..DD..#.# #.#
#..DD..#.# #.# .
#.@D2..#z# #.#
..########.# #.#
........bD.# #.#
..........5# #.#
...........# #.#####
...........####......
.............D.......
#######'''###########
#...#


You could see the Serpent of Hell, a fire dragon, 3 quicksilver dragons and a
hellion.

Vanquished Creatures
  Ereshkigal (Tar:7)
  the Royal Jelly (Slime:5)
  5 ancient liches
  An orb of fire (Zot:4)
  Mennas (Vaults:2)
  Khufu (Tomb:2)
  Mara (Tomb:2)
  The ghost of humperndinck the Formicid Blade, a master FoFi of the Shining One (Slime:4)
  33 greater mummies
  Saint Roka (Snake:3)
  2 shard shrikes (Zot:1)
  Boris (Depths:3)
  A curse toe (Zot:3)
  Xtahua (Crypt:2)
  Frederick (Depths:3)
  Jory (Crypt:3)
  5 golden dragons
  Nikola (Elf:3)
  35 Tzitzimimeh
  6 doom hounds
  6 bone dragons
  3 Brimstone Fiends (Dis:7)
  Jorgrun (Vaults:5)
  16 liches
  3 iron giants
  5 Ice Fiends
  18 tentacled monstrosities
  Asterion (Elf:2)
  3 deep elf master archers
  5 Hell Sentinels
  28 acid blobs
  2 deep elf blademasters
  6 quicksilver dragons
  6 sphinxes
  An eldritch tentacle (Dis:4)
  11 ancient champions
  2 Executioners
  A kraken (Shoals:1)
  12 death cobs
  7 tengu reavers
  17 shadow dragons
  9 storm dragons
  2 revenants
  Ilsuiw (Shoals:4)
  Donald (Snake:2)
  19 azure jellies
  6 nagarajas
  11 fire giants
  21 frost giants
  6 iron dragons
  13 vault wardens
  5 draconian knights
  3 balrugs
  A draconian scorcher (Zot:4)
  An orc warlord (Orc:1)
  6 ghost moths
  A frost giant (shapeshifter) (Depths:2)
  6 deep elf sorcerers
  2 cacodemons
  4 deep elf elementalists (Elf:3)
  2 draconian shifters
  Louise (D:14)
  18 ghouls
  4 curse skulls
  47 reapers
  4 draconian zealots
  2 spriggan defenders (Depths:4)
  5 draconian callers
  28 war gargoyles
  37 very ugly things
  8 green draconians
  13 ironheart preservers
  22 vampire knights
  5 deep elf demonologists
  2 entropy weavers
  29 stone giants
  2 caustic shrike skeletons
  A small abomination (Vaults:5)
  6 draconian annihilators
  10 deep elf annihilators
  3 lorocyprocas
  2 bennus
  7 yellow draconians
  6 black draconians
  A dire elephant (Dis:4)
  7 red draconians
  26 spark wasps
  4 purple draconians
  2 crystal guardians (Depths:3)
  12 mottled draconians
  8 white draconians
  A spark wasp (shapeshifter) (Depths:2)
  5 eidola
  A green death (Hell)
  A minotaur (shapeshifter) (Depths:3)
  9 deep elf death magi
  7 blizzard demons
  21 ettins
  13 death oozes
  11 merfolk impalers
  15 fire dragons
  3 merfolk javelineers
  Josephine (D:10)
  18 mummy priests
  20 yaktaur captains
  23 jiangshi
  14 naga warriors
  A kraken zombie (Hell)
  4 quicksilver dragon skeletons
  8 hydras
  2 quicksilver dragon zombies
  8 deep elf high priests
  16 great orbs of eyes
  14 ice dragons
  Fannar (D:10)
  3 hell beasts
  9 rakshasas
  25 vault guards
  A juggernaut simulacrum (Depths:4)
  An ice dragon (shapeshifter) (Vaults:4)
  A ghost crab (Tar:7)
  5 centaur warriors
  12 anacondas
  2 spriggan air magi (Depths:3)
  A catoblepas (Shoals:2)
  10 merfolk aquamancers
  An alligator snapping turtle (Shoals:3)
  5 death knights
  A merfolk avatar (Shoals:1)
  Erica (D:8)
  18 ogre magi
  38 dancing weapons
  The ghost of Aleruyeri the Ripper, a journeyman FeBe of Trog (D:13)
  3 satyrs
  51 death scarabs
  9 hell hogs
  A satyr (shapeshifter) (Depths:2)
  5 tengu warriors
  16 deep troll earth magi
  9 death yaks
  5 deep troll shamans
  15 vampire magi
  3 titan zombies
  3 orc high priests (Orc:2)
  12 naga sharpshooters
  3 sun demons (Hell)
  14 hell knights
  20 deep elf knights
  5 spriggan berserkers
  Nergalle (Orc:1)
  9 shock serpents
  17 soul eaters
  3 titan skeletons
  95 skeletal warriors
  6 storm dragon zombies
  9 iron trolls
  A sixfirhy (Lair:6)
  4 salamander mystics
  5 golden dragon zombies
  3 iron golems (Dis:7)
  4 glowing orange brains
  13 shadow wraiths
  7 unseen horrors
  A spark wasp zombie (Depths:4)
  21 sea snakes
  2 anaconda zombies (Tar:4)
  36 deep trolls
  A storm dragon skeleton (Crypt:1)
  5 wizards
  2 golden dragon skeletons
  An unseen horror (shapeshifter) (Depths:3)
  22 deep elf archers
  3 naga ritualists
  9 flayed ghosts
  16 shadow demons
  2 shadow dragon zombies
  13 harpies
  16 orc knights
  8 anaconda skeletons
  26 ironbrand convokers
  9 mana vipers
  11 hill giants
  A harpy (shapeshifter) (Depths:3)
  A kraken simulacrum (Shoals:4)
  29 phantasmal warriors
  6 wolf spider zombies
  4 frost giant zombies
  57 ugly things
  A mana viper (shapeshifter) (Vaults:5)
  6 shining eyes
  12 necromancers
  15 fauns
  4 shadow dragon skeletons
  9 cyclopes
  3 wolf spiders
  4 stone giant zombies
  7 orc sorcerers
  3 fire giant zombies
  53 deep elf magi
  12 manticores
  19 salamanders
  An elephant (shapeshifter) (Vaults:5)
  17 moths of wrath
  2 shock serpent zombies (Crypt:3)
  4 iron dragon skeletons
  2 sphinx skeletons
  12 sirens
  A cyclops (shapeshifter) (Depths:3)
  2 fire giant skeletons (Tar:7)
  11 elephants
  26 rust devils
  An elf zombie (Depths:4)
  16 guardian serpents
  19 naga magi
  3 frost giant skeletons
  Psyche (D:10)
  28 vault sentinels
  A torpor snail (shapeshifter) (Depths:3)
  28 black mambas
  2 ice statues
  4 molten gargoyles
  3 smoke demons
  A water nymph (shapeshifter) (Vaults:4)
  12 spiny frogs
  4 water nymphs
  2 eyes of devastation
  A dire elephant zombie (Dis:5)
  A guardian serpent (shapeshifter) (Vaults:5)
  A green draconian zombie (Dis:1)
  2 emperor scorpion zombies
  3 gargoyles
  3 kobold demonologists
  An orange demon (Depths:1)
  25 tormentors
  18 hellions
  12 komodo dragons
  An efreet (D:15)
  2 dire elephant skeletons
  2 spriggan skeletons (Depths:2)
  2 tengu conjurers
  A golden dragon simulacrum (Depths:4)
  40 guardian mummies
  8 rime drakes
  71 yaktaurs
  38 ice devils
  4 harpy zombies
  5 hellwings
  18 freezing wraiths
  An iron troll zombie (Crypt:2)
  2 red draconian skeletons
  A jumping spider (shapeshifter) (Vaults:2)
  A catoblepas skeleton (Crypt:3)
  3 silent spectres (Tar:7)
  An anaconda simulacrum (IceCv)
  A yaktaur skeleton (Vaults:5)
  A queen bee (D:9)
  16 merfolk
  15 red devils
  4 hydra zombies
  8 hornets
  2 meliai (shapeshifter)
  A tyrant leech (shapeshifter) (Vaults:4)
  7 trolls
  31 two-headed ogres
  6 wind drakes
  A shadow dragon simulacrum (Vaults:3)
  2 queen bees (shapeshifter)
  3 wolf spider simulacra (IceCv)
  A tengu simulacrum (Vaults:3)
  A harpy skeleton (Crypt:1)
  27 blink frogs
  A blink frog (shapeshifter) (Depths:1)
  2 bog bodies (Crypt:3)
  A hornet (shapeshifter) (Depths:3)
  A fire dragon zombie (Tomb:2)
  A two-headed ogre (shapeshifter) (Vaults:3)
  5 hydra skeletons
  184 slime creatures
  Prince Ribbit (D:5)
  10 dream sheep
  19 snapping turtles
  3 alligator zombies
  13 hippogriffs
  4 ice dragon zombies
  A frost giant simulacrum (Vaults:1)
  A guardian serpent zombie (Crypt:1)
  A stone giant simulacrum (Depths:2)
  2 ettin zombies
  2 redbacks
  95 flying skulls
  2 black mamba zombies
  18 shadows
  10 ettin skeletons
  A yak (shapeshifter) (Depths:2)
  3 spriggans
  3 air elementals
  24 wraiths
  Sigmund (D:3)
  23 vampires
  44 water elementals
  2 fire bats (Depths:2)
  5 dire elephant simulacra (IceCv)
  6 fire dragon skeletons
  An ice dragon skeleton (Crypt:1)
  A tyrant leech zombie (Crypt:2)
  2 tarantellas (shapeshifter)
  4 wyverns
  29 yaks
  13 fire elementals
  18 golden eyes
  11 basilisks
  17 ushabtiu
  A golden eye (shapeshifter) (Vaults:3)
  8 hungry ghosts
  A neqoxec (Depths:4)
  A basilisk (shapeshifter) (Vaults:5)
  3 mottled dragons
  2 chaos spawn (D:13)
  A steam dragon (D:15)
  2 wargs
  3 vampire mosquitoes
  69 nagas
  4 harpy simulacra (IceCv)
  An iron troll simulacrum (IceCv)
  2 soldier ants
  Edmund (D:4)
  2 spatial vortices
  A water moccasin (shapeshifter) (Vaults:1)
  45 hell hounds
  7 spiny frog zombies
  3 hydra simulacra (IceCv)
  3 tengu skeletons
  12 water moccasins
  Duvessa (D:5)
  2 floating eyes
  7 porcupines
  3 spiny frog skeletons
  An ice beast (shapeshifter) (Vaults:2)
  2 snapping turtle zombies
  A gelid demonspawn skeleton (Crypt:1)
  42 orc warriors
  A swamp dragon zombie (Dis:7)
  3 black bears
  An ettin simulacrum (IceCv)
  4 sky beasts
  A black bear (shapeshifter) (Depths:5)
  11 wolves
  An alligator simulacrum (Hell)
  10 eyes of draining
  An ogre (shapeshifter) (Vaults:5)
  4 phantoms
  6 ice beasts
  16 necrophages
  59 ogres
  6 snapping turtle skeletons
  5 boggarts (Vaults:3)
  16 centaurs
  2 elf simulacra
  An ice dragon simulacrum (Hell)
  11 crocodiles
  A swamp dragon skeleton (Tar:7)
  2 manticore skeletons
  6 big kobolds
  An octopode zombie (Crypt:3)
  14 bullfrogs
  6 earth elementals
  3 gnoll sergeants
  Dowan (D:5)
  A spiny frog simulacrum (Hell)
  8 scorpions
  2 water moccasin skeletons
  4 human simulacra
  28 killer bees
  A scorpion (shapeshifter) (Depths:3)
  47 wights
  4 electric eels
  3 howler monkeys
  3 centaur zombies
  6 draconian simulacra (IceCv)
  A bullfrog zombie (D:12)
  16 crimson imps
  4 hounds
  2 quasits
  6 centaur skeletons
  2 gnoll shamans
  6 jellies
  A jelly (shapeshifter) (Elf:1)
  37 orc wizards
  Crazy Yiuf (D:5)
  A human zombie (Dis:3)
  21 orc priests
  24 iron imps
  Terence (D:3)
  2 bullfrog skeletons
  An iguana (shapeshifter) (Vaults:5)
  15 worker ants
  8 iguanas
  Ijyb (D:2)
  2 spriggan simulacra (IceCv)
  3 troll simulacra (IceCv)
  A wolf simulacrum (IceCv)
  A crocodile zombie (Crypt:3)
  3 centaur simulacra (IceCv)
  A deep dwarf zombie (Crypt:2)
  3 dwarf skeletons
  A hound skeleton (D:5)
  62 mummies
  2 worker ant zombies
  37 gnolls
  24 adders
  A naga simulacrum (IceCv)
  4 ogre simulacra (IceCv)
  A steam dragon skeleton (Crypt:3)
  22 shadow imps
  6 white imps
  6 ufetubi
  2 oozes
  2 worms (D:2)
  2 dart slugs
  5 leopard geckos
  107 orcs
  3 ball pythons
  8 giant cockroaches
  7 goblins
  7 hobgoblins
  5 jackals
  9 quokkas
  A river rat zombie (Crypt:1)
  6 bats
  6 frilled lizards
  A frilled lizard skeleton (Crypt:2)
  25 kobolds
  2 orc skeletons
  2 orc zombies
  A quokka skeleton (D:4)
  14 rats
  2 crawling corpses (Vaults:5)
  21 fire vortices
  7 plants
  2 tentacles (Hell)
4140 creatures vanquished.

Vanquished Creatures (collateral kills)
  An ancient lich (Vaults:5)
  3 greater mummies (Tomb:1)
  Geryon (Hell)
  3 liches
  A tentacled monstrosity (Hell)
  2 sphinxes
  An ancient champion (Hell)
  2 acid blobs (Slime:5)
  3 frost giants
  A draconian scorcher (Zot:1)
  An iron dragon (Dis:7)
  2 vault wardens (Vaults:5)
  A draconian zealot (Zot:4)
  3 war gargoyles
  A stone giant (Vaults:5)
  A reaper (Dis:7)
  A black draconian (Zot:1)
  3 mummy priests
  A death ooze (Slime:5)
  A jiangshi (Tar:6)
  2 ice dragons (Zot:1)
  4 vault guards (Vaults:5)
  3 death scarabs
  A titan zombie (Tar:7)
  3 soul eaters
  A storm dragon skeleton (Tomb:1)
  17 skeletal warriors
  2 iron dragon zombies
  A wolf spider (Vaults:3)
  An ugly thing (Vaults:5)
  A frost giant skeleton (Tomb:1)
  An elephant (Lair:6)
  A yellow draconian zombie (Tar:3)
  A yaktaur (Vaults:5)
  A hydra zombie (Hell)
  A merfolk (Shoals:3)
  A hornet (Vaults:5)
  A two-headed ogre (Vaults:5)
  4 flying skulls
  2 fire dragon skeletons
  3 ushabtiu
  A bullfrog (Lair:2)
  A wight (Tar:6)
  A worker ant (shapeshifter) (D:15)
  7 mummies
  2 shadow imps
  2 crawling corpses (Vaults:5)
99 creatures vanquished.

Vanquished Creatures (others)
  2 eldritch tentacles
  A merfolk javelineer (Shoals:4)
  31 death scarabs
  A shadow wraith (Vaults:5)
  A deep elf archer (Elf:1)
  An anaconda skeleton (Tomb:2)
  A wolf spider (Vaults:3)
  A cyclops (D:13)
  A guardian mummy (Tomb:2)
  8 flying skulls
  A naga (Snake:2)
  A boggart (Vaults:3)
  An electric eel (shapeshifter) (Depths:3)
  An orc priest (Orc:2)
  A tengu zombie (Tomb:2)
  6 mummies
  A white imp (IceCv)
  An ufetubus (IceCv)
  2 bushes
  818 fire vortices
  48 fulminant prisms
  9 fungi
  65 plants
  18 tentacles
1021 creatures vanquished.

Grand Total: 5260 creatures vanquished

Notes
Turn   | Place    | Note
-------+----------+-------------------------------------------
     0 | D:1      | dze the Gargoyle Wizard began the quest for the Orb.
     0 | D:1      | Reached XP level 1. HP: 10/10 MP: 4/4
    99 | D:1      | Reached XP level 2. HP: 15/15 MP: 0/6
   702 | D:1      | Reached XP level 3. HP: 18/19 MP: 8/8
   732 | D:1      | Learned a level 2 spell: Call Imp
   736 | D:1      | Learned a level 3 spell: Mephitic Cloud
  1347 | D:2      | Learned a level 3 spell: Conjure Flame
  1357 | D:2      | Reached XP level 4. HP: 22/24 MP: 2/9
  1468 | D:2      | Reached skill level 2 in Conjurations
  1515 | D:2      | Reached skill level 1 in Fighting
  2049 | D:2      | Noticed Ijyb
  2058 | D:2      | Killed Ijyb
  2058 | D:2      | Reached XP level 5. HP: 29/29 MP: 5/11
  2485 | D:3      | Noticed Sigmund
  2682 | D:3      | Killed Sigmund
  2682 | D:3      | Reached skill level 1 in Maces & Flails
  2682 | D:3      | Reached skill level 3 in Conjurations
  2682 | D:3      | Reached XP level 6. HP: 33/36 MP: 0/12
  2888 | D:3      | Noticed Terence
  2910 | D:3      | Killed Terence
  2967 | D:3      | Learned a level 2 spell: Repel Missiles
  3079 | D:3      | Reached XP level 7. HP: 40/40 MP: 11/13
  3732 | D:4      | Got an ancient robe
  3777 | D:3      | Identified the +1 robe "Ugiossue" {rC+ Int+2 Stlth+} (You found it on level 4 of the Dungeon)
  3820 | D:4      | Found a shadowy altar of Dithmenos.
  3902 | D:4      | Reached skill level 1 in Axes
  3923 | D:4      | Reached skill level 4 in Conjurations
  4076 | D:4      | Noticed Edmund
  4117 | D:4      | Killed Edmund
  4117 | D:4      | Reached skill level 5 in Spellcasting
  4128 | D:4      | Reached XP level 8. HP: 35/48 MP: 2/15
  4209 | D:4      | Reached skill level 1 in Polearms
  4527 | D:5      | Entered Level 5 of the Dungeon
  4649 | D:5      | Reached skill level 5 in Conjurations
  4671 | D:5      | Found a runed door.
  4675 | D:5      | Noticed Crazy Yiuf
  4682 | D:5      | Killed Crazy Yiuf
  4750 | D:5      | Noticed Prince Ribbit
  4806 | D:5      | Killed Prince Ribbit
  4806 | D:5      | Reached skill level 5 in Stealth
  4922 | D:5      | Noticed Duvessa
  4923 | D:5      | Noticed Dowan
  4934 | D:5      | Killed Duvessa
  4943 | D:5      | Killed Dowan
  4943 | D:5      | Reached skill level 6 in Conjurations
  4943 | D:5      | Reached XP level 9. HP: 53/53 MP: 2/18
  5157 | D:5      | Reached skill level 5 in Fighting
  5533 | D:6      | Got a warped halberd
  5534 | D:6      | Identified the +8 halberd "Killer Bee's Curse" {venom, *Noise +Blink rC+ Str+9} (You found it on level 6 of the Dungeon)
  5679 | D:6      | Learned a level 2 spell: Blink
  5686 | D:6      | Learned a level 4 spell: Iskenderun's Mystic Blast
  6176 | D:7      | Found a staircase to the Ecumenical Temple.
  6191 | Temple   | Entered the Ecumenical Temple
  6241 | Temple   | Became a worshipper of Vehumet
  6654 | D:7      | Reached skill level 7 in Conjurations
  6915 | D:7      | Reached skill level 1 in Charms
  6988 | D:7      | Reached XP level 10. HP: 60/60 MP: 9/20
  7038 | D:8      | Noticed Erica
  7049 | D:8      | Killed Erica
  7049 | D:8      | Reached skill level 1 in Fire Magic
  7049 | D:8      | Reached skill level 1 in Poison Magic
  7057 | D:7      | Reached * piety under Vehumet
  7057 | D:7      | Offered knowledge of Sandblast by Vehumet.
  7221 | D:8      | Noticed an elephant
  7236 | D:8      | Killed an elephant
  7236 | D:8      | Reached skill level 8 in Conjurations
  7419 | D:8      | Found a staircase to the Lair.
  7447 | D:8      | Offered knowledge of Throw Flame by Vehumet.
  7449 | D:8      | Reached ** piety under Vehumet
  7819 | D:9      | Learned a level 4 spell: Fulminant Prism
  8080 | D:9      | Reached skill level 9 in Conjurations
  8080 | D:9      | Reached XP level 11. HP: 58/67 MP: 21/23
  8086 | D:9      | Offered knowledge of Static Discharge by Vehumet.
  8115 | D:9      | Reached *** piety under Vehumet
  8174 | D:9      | Reached skill level 5 in Dodging
  8453 | D:9      | Offered knowledge of Sticky Flame by Vehumet.
  8538 | D:9      | Gained mutation: You are resistant to hostile enchantments. (MR+) [potion of beneficial mutation]
  8613 | D:9      | Found a staircase to the Orcish Mines.
  8903 | D:10     | Entered Level 10 of the Dungeon
  8976 | D:10     | Noticed Psyche
  8982 | D:10     | Killed Psyche
  8982 | D:10     | Reached skill level 1 in Armour
  9015 | D:10     | Noticed Josephine
  9022 | D:10     | Reached **** piety under Vehumet
  9026 | D:10     | Killed Josephine
  9050 | D:10     | Offered knowledge of Olgreb's Toxic Radiance by Vehumet.
  9053 | D:10     | Noticed a hill giant
  9065 | D:10     | Killed a hill giant
  9066 | D:10     | Noticed Fannar
  9381 | D:10     | Reached skill level 10 in Conjurations
  9432 | D:10     | Killed Fannar
  9604 | D:10     | Reached skill level 1 in Air Magic
  9675 | D:10     | Reached XP level 12. HP: 73/73 MP: 21/25
 10147 | D:11     | Found a portal to a secret trove of treasure.
 10335 | D:11     | Reached ***** piety under Vehumet
 10335 | D:11     | Offered knowledge of Delayed Fireball by Vehumet.
 10718 | D:11     | Noticed a death knight
 10735 | D:11     | Killed a death knight
 11245 | D:11     | Reached skill level 5 in Fire Magic
 11359 | D:11     | Noticed a six-headed hydra
 11366 | D:11     | Killed a six-headed hydra
 11366 | D:11     | Reached skill level 5 in Polearms
 11959 | Lair:1   | Entered Level 1 of the Lair of Beasts
 12225 | Lair:1   | Noticed a four-headed hydra
 12238 | Lair:1   | Killed a four-headed hydra
 12238 | Lair:1   | Reached skill level 10 in Spellcasting
 12426 | Lair:1   | Reached XP level 13. HP: 73/79 MP: 14/27
 12559 | Lair:1   | Reached skill level 5 in Armour
 13304 | Lair:2   | Found a staircase to the Snake Pit.
 15062 | Lair:3   | Offered knowledge of Lee's Rapid Deconstruction by Vehumet.
 15213 | Lair:3   | Noticed an ice dragon
 15224 | Lair:3   | Killed an ice dragon
 15422 | Lair:3   | Gained mutation: Your large and strong wings let you fly indefinitely. [Gargoyle growth]
 15422 | Lair:3   | Reached XP level 14. HP: 86/86 MP: 26/28
 15433 | Lair:3   | Reached skill level 1 in Translocations
 15633 | Lair:3   | Found a staircase to the Shoals.
 16099 | D:11     | Reached skill level 1 in Hexes
 16172 | D:11     | You paid a toll of 20 scrolls of identify to enter a treasure trove
 16173 | Trove    | Entered a treasure trove
 16182 | Trove    | Got a vibrating ivory ring
 16184 | Trove    | Got a brightly glowing granite ring
 16190 | Trove    | Got a flickering bronze ring
 16192 | Trove    | Got a clouded bronze amulet
 16200 | Trove    | Got a smoking granite ring
 16202 | Trove    | Got a pitted tin ring
 16204 | Trove    | Got a vibrating wooden ring
 16206 | Trove    | Got a clouded lead ring
 16221 | Trove    | Identified the ring "Waacijan" {+Blink rF- rC+ MR+ Dex+3 SInv} (You found it in a treasure trove)
 16222 | Trove    | Identified the ring "Pyuciu" {rC+ AC+3} (You found it in a treasure trove)
 16229 | Trove    | Identified the ring of Ru's Pride {rC- rN+ EV+2 Dex+3} (You found it in a treasure trove)
 16233 | Trove    | Identified the amulet of Itzuk {+Rage MR+} (You found it in a treasure trove)
 16235 | Trove    | Identified the ring "Bihemm" {rPois MR+ Str+2 Int-5} (You found it in a treasure trove)
 16237 | Trove    | Identified the ring of Wepead {-Tele rPois rN+ Int+2} (You found it in a treasure trove)
 16239 | Trove    | Identified the ring of Zepot {Fire *Slow +Fly rPois Dex+2} (You found it in a treasure trove)
 16241 | Trove    | Identified the ring "Ugeiq" {rF+ rC- rN+ MR+++ MP+9} (You found it in a treasure trove)
 16312 | D:11     | Reached skill level 1 in Evocations
 17187 | Lair:4   | Learned a level 5 spell: Iskenderun's Battlesphere
 18301 | Lair:5   | Reached skill level 11 in Conjurations
 18766 | Lair:6   | Entered Level 6 of the Lair of Beasts
 19019 | Lair:6   | Found a staircase to the Slime Pits.
 19072 | Lair:6   | Found a viscous altar of Jiyva.
 19351 | Lair:6   | Reached skill level 10 in Fighting
 19899 | Lair:6   | Found a burning altar of Makhleb.
 20286 | Lair:6   | Found a gateway to Hell.
 20296 | Lair:6   | Got a pair of warped boots
 20308 | Lair:6   | Identified the +5 pair of boots of the Tired Planets {rC+ rCorr Str+4 Int+2} (You found it on level 6 of the Lair of Beasts)
 20574 | Orc:1    | Entered Level 1 of the Orcish Mines
 20574 | Orc:1    | Noticed an orc warlord
 20597 | Orc:1    | Killed an orc warlord
 20597 | Orc:1    | Reached XP level 15. HP: 82/92 MP: 4/30
 20833 | Orc:2    | Entered Level 2 of the Orcish Mines
 20837 | Orc:2    | Reached ****** piety under Vehumet
 20968 | Orc:2    | Offered knowledge of Poison Arrow by Vehumet.
 21114 | Orc:2    | Found a staircase to the Elven Halls.
 21465 | Orc:2    | Reached skill level 5 in Air Magic
 21867 | Orc:2    | Found Lulorox's Assorted Antiques.
 21867 | Orc:2    | Found Tunek's Distillery.
 21869 | Orc:2    | Found Ziahyur's Jewellery Shoppe.
 21869 | Orc:2    | Found Jootang's Antique Weapon Boutique.
 21877 | Orc:2    | Bought a cursed amulet of inaccuracy for 30 gold pieces
 21880 | Orc:2    | Bought a potion of brilliance for 44 gold pieces
 21947 | Orc:1    | Noticed Nergalle
 21958 | Orc:1    | Killed Nergalle
 22554 | D:12     | Found a roughly hewn altar of Beogh.
 22562 | D:12     | Offered knowledge of Bolt of Draining by Vehumet.
 23022 | D:12     | Got an ichor-stained ring mail
 23158 | D:12     | Identified the cursed +1 ring mail of Zacugah {MR+ Regen+ Dex-2} (You found it on level 12 of the Dungeon)
 23179 | D:13     | Found a shimmering altar of Xom.
 23209 | D:13     | Identified the Volume of Dark Augmentations
 23477 | D:13     | Found a gate to the Vaults.
 23563 | D:13     | Noticed Aleruyeri's ghost (journeyman FeBe)
 23581 | D:13     | Killed Aleruyeri's ghost
 24514 | D:14     | Noticed Louise
 24534 | D:14     | Killed Louise
 24920 | D:14     | Found Xuits's General Store.
 25049 | D:15     | Entered Level 15 of the Dungeon
 25497 | D:15     | Offered knowledge of Iron Shot by Vehumet.
 25517 | D:15     | Learned a level 6 spell: Iron Shot
 26068 | D:15     | Found a staircase to the Depths.
 26593 | Snake:1  | Entered Level 1 of the Snake Pit
 26726 | Snake:1  | Reached XP level 16. HP: 89/100 MP: 32/32
 27503 | Snake:2  | Noticed a nagaraja
 27871 | Snake:2  | Killed a nagaraja
 27871 | Snake:2  | Reached skill level 12 in Conjurations
 28195 | Snake:2  | Offered knowledge of Orb of Destruction by Vehumet.
 28358 | Snake:2  | Learned a level 7 spell: Orb of Destruction
 28632 | Snake:2  | Got a shimmering flail
 28633 | Snake:2  | Identified the cursed +1 flail of the Common Good {flame, Str+2} (You found it on level 2 of the Snake Pit)
 28997 | Snake:2  | Noticed Donald
 29198 | Snake:2  | Killed Donald
 29935 | Snake:3  | Offered knowledge of Poisonous Cloud by Vehumet.
 30063 | Snake:3  | Noticed Saint Roka
 30951 | Snake:3  | Found Waxty's Assorted Antiques.
 30956 | Snake:3  | Bought a scroll of identify for 46 gold pieces
 31143 | Snake:2  | Reached XP level 17. HP: 46/105 MP: 34/34
 32015 | Snake:3  | Killed Saint Roka
 32638 | Shoals:1 | Entered Level 1 of the Shoals
 32670 | Shoals:1 | Noticed a kraken
 33086 | Shoals:1 | Found Socwud's Weapon Emporium.
 33160 | Shoals:1 | Offered knowledge of Shatter by Vehumet.
 33160 | Shoals:1 | Offered knowledge of Chain Lightning by Vehumet.
 33160 | Shoals:1 | Offered knowledge of Tornado by Vehumet.
 33160 | Shoals:1 | Reached skill level 1 in Summonings
 33329 | Shoals:1 | Killed a kraken
 34036 | Shoals:1 | Reached skill level 10 in Armour
 35006 | Shoals:2 | Reached skill level 10 in Fire Magic
 35015 | Shoals:2 | Reached skill level 5 in Evocations
 35209 | Shoals:3 | Found a frozen archway.
 35223 | IceCv    | Entered an ice cave
 35489 | IceCv    | Reached skill level 13 in Conjurations
 36279 | IceCv    | Got a pitted pewter ring
 36299 | IceCv    | Got a crude whip
 36322 | IceCv    | Identified the +1 whip of Hearphulu {flame, rF- MR+ MP+9} (You found it in an ice cave)
 36343 | IceCv    | Identified the ring "Koebb" {rF+ rN+ Slay-3 Stlth+} (You found it in an ice cave)
 37059 | Shoals:3 | Reached XP level 18. HP: 112/112 MP: 36/36
 37998 | Shoals:4 | Entered Level 4 of the Shoals
 38587 | Shoals:4 | Noticed Ilsuiw
 39857 | Shoals:4 | Found Owna's Distillery.
 40562 | Shoals:4 | Killed Ilsuiw
 40823 | Shoals:4 | Got a barnacled rune of Zot
 41862 | Elf:1    | Entered Level 1 of the Elven Halls
 41919 | Elf:1    | Learned a level 5 spell: Aura of Abjuration
 42236 | Elf:1    | Reached skill level 10 in Dodging
 42763 | Elf:1    | Reached XP level 19. HP: 118/118 MP: 37/37
 43987 | Elf:2    | Found Xomuirghe's Jewellery Shoppe.
 44280 | Elf:2    | Found a runed gate.
 44280 | Elf:2    | Found a runed gate.
 44286 | Elf:2    | Found a runed gate.
 44379 | Elf:2    | Noticed a Hell Sentinel
 45091 | Elf:2    | Reached skill level 5 in Summonings
 45116 | Elf:2    | Reached skill level 14 in Conjurations
 45645 | Elf:2    | Reached skill level 15 in Spellcasting
 47113 | Depths:1 | Entered Level 1 of the Depths
 47468 | Depths:1 | Found a one-way gate leading to the halls of Pandemonium.
 48069 | Depths:1 | Found a radiant altar of Vehumet.
 48089 | Depths:1 | Found a gateway to a ziggurat.
 48188 | Depths:1 | Paralysed by a floating eye for 4 turns
 48204 | Depths:1 | Paralysed by a floating eye for 2 turns
 48357 | Depths:1 | Reached XP level 20. HP: 124/124 MP: 39/39
 50906 | Depths:2 | Found a one-way gate to the infinite horrors of the Abyss.
 50949 | Depths:2 | Reached skill level 10 in Air Magic
 51706 | Depths:2 | Found Lies's Book Shoppe.
 51910 | Depths:2 | Found a glowing golden altar of the Shining One.
 52555 | Depths:1 | Reached skill level 15 in Conjurations
 53666 | Depths:2 | Reached XP level 21. HP: 130/130 MP: 26/40
 54813 | Snake:4  | Entered Level 4 of the Snake Pit
 57346 | Snake:4  | Got a serpentine rune of Zot
 58205 | Lair:2   | Learned a level 1 spell: Summon Butterflies
 58355 | Elf:3    | Entered Level 3 of the Elven Halls
 58355 | Elf:3    | Noticed Asterion
 58393 | Elf:2    | Killed Asterion
 58798 | Elf:3    | Noticed Nikola
 59276 | Elf:3    | Killed Nikola
 60130 | Elf:3    | Reached XP level 22. HP: 137/137 MP: 29/42
 60143 | Elf:3    | Got a slimy trident {drain}
 60156 | Elf:3    | Identified the +8 trident "Urphesohi" {drain, rPois rC+ rN++ Int-4} (You took it off a deep elf mage on level 3 of the Elven Halls)
 60847 | Elf:3    | Got a blackened dagger {antimagic}
 60992 | Elf:3    | Got a clouded golden ring
 60995 | Elf:3    | Got a dazzling scale mail
 61270 | Elf:3    | Identified the +3 dagger of Kismet {antimagic, +Rage MP+9} (You took it off a deep elf annihilator on level 3 of the Elven Halls)
 61464 | Elf:3    | Got a faintly humming scale mail
 61499 | Elf:3    | Identified the +3 scale mail of Compression {rPois rF+} (You took it off a deep elf blademaster on level 3 of the Elven Halls)
 61509 | Elf:3    | Identified the +2 scale mail of Wisdom {Stlth+} (You found it on level 3 of the Elven Halls)
 61510 | Elf:3    | Identified the ring "Xyibb" {*Tele Str+3} (You took it off a deep elf blademaster on level 3 of the Elven Halls)
 61936 | Lair:2   | Identified a +8 rod of shadows (10/10) (You took it off a deep elf annihilator on level 3 of the Elven Halls)
 62129 | Snake:4  | Got a transparent scale mail
 62371 | Shoals:4 | Got a blackened leather armour
 62391 | Shoals:4 | Identified the +0 leather armour "Sadaes" {rC+ rN+ Str+2} (You took it off a merfolk on level 4 of the Shoals)
 62401 | Shoals:4 | Identified the +3 scale mail of the Gravedigger {-Tele rPois rCorr Int-2} (You found it on level 4 of the Snake Pit)
 63560 | Depths:3 | Reached skill level 16 in Conjurations
 64287 | Depths:3 | Noticed a golden dragon
 64293 | Depths:3 | Killed a golden dragon
 64928 | Depths:3 | Got a brightly glowing mace
 64929 | Depths:3 | Identified the +7 mace of the Unspeakable One {flame, +Blink rElec rF- rC+} (You found it on level 3 of the Depths)
 65036 | Depths:3 | Noticed Frederick
 65616 | Depths:3 | Killed Frederick
 66912 | Depths:3 | Noticed Boris
 66947 | Depths:3 | Killed Boris
 67026 | Depths:3 | Reached XP level 23. HP: 129/143 MP: 43/43
 67168 | Depths:3 | Identified a scroll of acquirement
 67622 | Lair:2   | Gained mutation: You have sharp fingernails. [potion of beneficial mutation]
 68264 | Depths:3 | Identified the Tome of Protection and Confrontation
 69319 | Depths:4 | Reached skill level 10 in Evocations
 71731 | Depths:4 | Gained mutation: You are weak. (Str -2) [a neqoxec]
 72164 | Depths:5 | Entered Level 5 of the Depths
 72623 | Depths:5 | Reached skill level 17 in Conjurations
 73352 | Depths:5 | Reached XP level 24. HP: 149/149 MP: 44/44
 73363 | Depths:5 | Found a gate to the Realm of Zot.
 73748 | Depths:5 | Got an ichor-stained robe
 74684 | Lair:2   | Identified the +1 robe of Broken Taboos {+Inv} (You took it off a spriggan on level 5 of the Depths)
 75034 | Slime:1  | Entered Level 1 of the Pits of Slime
 77103 | Slime:2  | Gained mutation: You are very weak. (Str -4) [a shining eye]
 77701 | Slime:4  | Noticed humperndinck's ghost (master FoFi)
 78554 | Slime:4  | Reached skill level 15 in Fighting
 80014 | Slime:4  | Killed humperndinck's ghost
 81299 | Vaults:1 | Entered Level 1 of the Vaults
 81453 | Vaults:1 | Reached skill level 10 in Polearms
 82764 | Vaults:2 | Got a slimy flail
 82786 | Vaults:1 | Identified the cursed +1 flail of Doom {freeze, Int+3} (You found it on level 2 of the Vaults)
 83087 | Vaults:1 | Reached XP level 25. HP: 152/155 MP: 44/44
 83883 | Vaults:2 | Noticed Mennas
 84525 | Vaults:2 | Killed Mennas
 85061 | Vaults:2 | Reached skill level 18 in Conjurations
 85521 | Vaults:2 | Found a staircase to the Crypt.
 85521 | Vaults:2 | Found an ancient bone altar of Kikubaaqudgha.
 85540 | Vaults:2 | Found a basalt altar of Yredelemnul.
 87850 | Vaults:4 | Reached skill level 1 in Earth Magic
 89109 | Vaults:4 | Reached XP level 26. HP: 161/161 MP: 39/45
 92001 | Crypt:1  | Entered Level 1 of the Crypt
 92721 | Crypt:1  | Noticed an ancient lich
 92732 | Crypt:1  | Killed an ancient lich
 94585 | Crypt:1  | Reached skill level 19 in Conjurations
 94656 | Crypt:1  | Identified Qewelich's Almanac of Earth
 95786 | Crypt:2  | Got a brightly glowing lapis lazuli ring
 95788 | Crypt:2  | Identified the ring "Deutromn" {Ice Str+6} (You found it on level 2 of the Crypt)
 96326 | Crypt:2  | Noticed Xtahua
 96330 | Crypt:2  | Killed Xtahua
 96330 | Crypt:2  | Reached skill level 15 in Armour
 97034 | Slime:5  | Entered Level 5 of the Pits of Slime
 97044 | Slime:5  | Reached XP level 27. HP: 168/168 MP: 37/46
 97247 | Slime:5  | Noticed the Royal Jelly
 97715 | Slime:5  | Reached skill level 15 in Fire Magic
 97802 | Slime:5  | Learned a level 9 spell: Fire Storm
 97962 | Slime:3  | Gained mutation: Your spells are a little easier to cast, but a little less powerful. [mutagenic glow]
 98009 | Slime:3  | Gained mutation: You expend magic power (3 MP) to strengthen your wands. [mutagenic glow]
 98680 | Lair:2   | Lost mutation: You are very weak. (Str -4) [potion of cure mutation]
 98680 | Lair:2   | Lost mutation: You are weak. (Str -2) [potion of cure mutation]
 99728 | Slime:5  | Killed the Royal Jelly
100145 | Slime:5  | Got a bloodstained ring mail
100164 | Slime:5  | Identified Pimpamer's Guide on Bewitching Toxins
100202 | Slime:5  | Got a pitted shortbow
100204 | Slime:5  | Got a slimy rune of Zot
100252 | Slime:5  | Got a brightly glowing ring mail
100765 | Lair:2   | Identified the cursed +1 ring mail of Forking Paths {rN+ Int+2} (You found it on level 5 of the Pits of Slime)
100769 | Lair:2   | Identified the +7 shortbow of Ihifra {venom, rC+ Str+2 Dex+5} (You found it on level 5 of the Pits of Slime)
100831 | Lair:2   | Identified the +4 ring mail of Noon {+Inv} (You found it on level 5 of the Pits of Slime)
101242 | Crypt:3  | Entered Level 3 of the Crypt
101272 | Crypt:2  | Reached skill level 1 in Shields
101919 | Crypt:3  | Reached skill level 20 in Conjurations
103103 | Crypt:3  | Noticed Jory
103833 | Crypt:3  | Got a flickering marble ring
104584 | Crypt:3  | Got a twisted robe
104602 | Crypt:3  | Identified the cursed +1 robe of Salvation {Dex+5} (You took it off a vampire on level 3 of the Crypt)
104828 | Crypt:3  | Killed Jory
104973 | Crypt:3  | Got a warped pewter ring
104975 | Crypt:3  | Identified the ring of the Skies Above {rN+ Int+4} (You took it off a vampire on level 3 of the Crypt)
105134 | Crypt:3  | Found a staircase to the Tomb.
105911 | Lair:2   | Identified the ring of Riad {rPois rN+ Str+6 Int-4 Stlth+} (You took it off a vampire knight on level 3 of the Crypt)
105920 | Lair:2   | Lost mutation: Your spells are a little easier to cast, but a little less powerful. [potion of cure mutation]
105920 | Lair:2   | Lost mutation: You are resistant to hostile enchantments. (MR+) [potion of cure mutation]
105920 | Lair:2   | Lost mutation: You expend magic power (3 MP) to strengthen your wands. [potion of cure mutation]
105920 | Lair:2   | Lost mutation: You have sharp fingernails. [potion of cure mutation]
106354 | Tomb:1   | Entered Level 1 of the Tomb of the Ancients
106717 | Tomb:1   | Noticed a greater mummy
106720 | Tomb:1   | Killed a greater mummy
107104 | Tomb:1   | Noticed a greater mummy
107109 | Tomb:1   | Killed a greater mummy
107592 | Tomb:1   | Identified the Grimoire of the Rocks and Fire
107783 | Tomb:2   | Noticed a greater mummy
107783 | Tomb:2   | Noticed a greater mummy
107784 | Tomb:2   | Noticed a greater mummy
107788 | Tomb:2   | Noticed a greater mummy
107790 | Tomb:2   | Killed a greater mummy
108571 | Tomb:2   | Reached skill level 21 in Conjurations
108572 | Tomb:2   | Killed a greater mummy
108579 | Tomb:1   | Killed a greater mummy
108967 | Tomb:2   | Killed a greater mummy
109565 | Tomb:1   | Noticed a greater mummy
109565 | Tomb:1   | Noticed a greater mummy
109565 | Tomb:1   | Noticed a greater mummy
109565 | Tomb:1   | Noticed a greater mummy
109565 | Tomb:1   | Noticed a greater mummy
109578 | Tomb:1   | Killed a greater mummy
109579 | Tomb:1   | Killed a greater mummy
109579 | Tomb:1   | Killed a greater mummy
109949 | Tomb:1   | Killed a greater mummy
109950 | Tomb:1   | Killed a greater mummy
110084 | Tomb:1   | Killed a greater mummy
110093 | Tomb:1   | Noticed a greater mummy
110096 | Tomb:1   | Noticed a greater mummy
110098 | Tomb:1   | Killed a greater mummy
110111 | Tomb:1   | Killed a greater mummy
110312 | Tomb:1   | Noticed a greater mummy
110321 | Tomb:1   | Killed a greater mummy
110455 | Tomb:1   | Noticed a greater mummy
110458 | Tomb:1   | Killed a greater mummy
110545 | Tomb:1   | Noticed a greater mummy
110548 | Tomb:1   | Killed a greater mummy
110639 | Tomb:1   | Noticed a greater mummy
110646 | Tomb:1   | Killed a greater mummy
110773 | Tomb:1   | Noticed a greater mummy
110776 | Tomb:1   | Killed a greater mummy
110874 | Tomb:1   | Noticed a greater mummy
110876 | Tomb:1   | Noticed a greater mummy
110887 | Tomb:1   | Killed a greater mummy
110889 | Tomb:1   | Killed a greater mummy
111025 | Tomb:1   | Noticed a greater mummy
111033 | Tomb:1   | Killed a greater mummy
111156 | Tomb:1   | Noticed a greater mummy
111160 | Tomb:1   | Killed a greater mummy
111160 | Tomb:1   | Reached skill level 22 in Conjurations
111259 | Tomb:1   | Noticed a greater mummy
111267 | Tomb:1   | Killed a greater mummy
111327 | Tomb:1   | Noticed a greater mummy
111353 | Tomb:1   | Killed a greater mummy
111590 | Tomb:3   | Entered Level 3 of the Tomb of the Ancients
111601 | Tomb:3   | Noticed a greater mummy
111603 | Tomb:3   | Killed a greater mummy
111605 | Tomb:3   | Killed a greater mummy
111609 | Tomb:3   | Noticed a greater mummy
111611 | Tomb:3   | Noticed a greater mummy
111939 | Tomb:2   | Killed a greater mummy
112069 | Tomb:3   | Noticed a greater mummy
112075 | Tomb:2   | Killed a greater mummy
112232 | Tomb:3   | Noticed Khufu
112234 | Tomb:3   | Noticed a greater mummy
112334 | Tomb:2   | Killed a greater mummy
113123 | Tomb:2   | Noticed Mara
113281 | Tomb:2   | Killed Mara
113634 | Tomb:2   | Killed Khufu
113720 | Tomb:3   | Killed a greater mummy
114057 | Tomb:3   | Noticed a greater mummy
114059 | Tomb:3   | Killed a greater mummy
114075 | Tomb:3   | Noticed a greater mummy
114078 | Tomb:3   | Killed a greater mummy
114240 | Tomb:3   | Noticed a greater mummy
114242 | Tomb:3   | Killed a greater mummy
114287 | Tomb:3   | Noticed a greater mummy
114293 | Tomb:3   | Killed a greater mummy
114458 | Tomb:3   | Got a golden rune of Zot
114766 | Tomb:3   | Got a heavily runed ring mail
114786 | Tomb:3   | Identified the +2 ring mail of the Page of Cups {rN+ Str+3 Dex+3 Stlth-} (You found it on level 3 of the Tomb of the Ancients)
114880 | Tomb:3   | Noticed a greater mummy
114883 | Tomb:3   | Killed a greater mummy
114884 | Tomb:3   | Gained mutation: You are somewhat resistant to further mutation. [a cacodemon]
114921 | Tomb:3   | Identified the Compendium of the Glacial Arsonist
115844 | Lair:2   | Learned a level 6 spell: Shadow Creatures
115884 | Lair:2   | Learned a level 8 spell: Lehudib's Crystal Spear
116722 | Tomb:3   | Got a translucent whip
116728 | Tomb:3   | Got a jewelled long sword
116739 | Tomb:3   | Got an encrusted leather armour
116759 | Tomb:3   | Identified a +2 rod of clouds (10/10) (You found it on level 3 of the Tomb of the Ancients)
117596 | Lair:2   | Identified the +3 leather armour of Misanthropy {rN+ Dex+2 SInv} (You found it on level 3 of the Tomb of the Ancients)
117605 | Lair:2   | Identified the +7 whip of Makhleb's Displeasure {protect, Str+4} (You found it on level 3 of the Tomb of the Ancients)
117608 | Lair:2   | Identified the +2 long sword of Qaunuh Tukk {slice, rC+ MR+ Int-2 Dex+3} (You found it on level 3 of the Tomb of the Ancients)
118067 | Vaults:5 | Entered Level 5 of the Vaults
118072 | Vaults:5 | Noticed Jorgrun
118075 | Vaults:5 | Killed Jorgrun
118647 | Vaults:5 | Noticed an ancient lich
119171 | Vaults:5 | Reached skill level 23 in Conjurations
119393 | Vaults:4 | Killed an ancient lich
119609 | Vaults:5 | Reached skill level 5 in Shields
119775 | Vaults:5 | Got a silver rune of Zot
119796 | Vaults:5 | Identified the Papyrus of Flight and Heat
119839 | Vaults:5 | Noticed an ancient lich
119845 | Vaults:5 | Killed an ancient lich
119880 | Vaults:5 | Noticed an ancient lich
119908 | Vaults:5 | Killed an ancient lich
120103 | Vaults:5 | Found Fira's Distillery.
120475 | Vaults:5 | Identified the Catalogue of Poisonous Moulding
120571 | Vaults:5 | Identified the Collected Works on Poison and the Compass
121461 | Vaults:5 | Found Joxt's Distillery.
121461 | Vaults:5 | Found Wuzeylu's Food Shoppe.
121515 | Vaults:5 | Got a shimmering long sword {slice}
121516 | Vaults:5 | Identified the +8 long sword of the Unkillable {slice, Int+4} (You took it off an orc warrior on level 5 of the Vaults)
121709 | Vaults:5 | Found Sasaub's Distillery.
122259 | Zot:1    | Entered Level 1 of the Realm of Zot
123307 | Zot:1    | Reached skill level 15 in Air Magic
124337 | Zot:2    | Got an ancient trident
124341 | Zot:2    | Identified the +8 trident of Internal Strife {vamp, rPois} (You found it on level 2 of the Realm of Zot)
125096 | Zot:3    | Reached skill level 15 in Dodging
125561 | Zot:3    | Reached skill level 24 in Conjurations
126623 | Zot:4    | Noticed an orb of fire
126629 | Zot:4    | Killed an orb of fire
127154 | Zot:4    | Got a pair of ichor-stained gloves
127165 | Zot:4    | Identified the cursed -2 pair of gloves of Honour {+Blink rCorr Slay+2} (You found it on level 4 of the Realm of Zot)
128055 | Hell     | Entered the Vestibule of Hell
128055 | Hell     | Noticed Geryon
128061 | Hell     | Killed Geryon
128602 | Lair:6   | Learned a level 9 spell: Tornado
128710 | Hell     | Found a gateway to the decaying netherworld of Tartarus.
128836 | Hell     | Found a gateway to the ashen valley of Gehenna.
128916 | Hell     | Found a gateway to the Iron City of Dis.
128959 | Hell     | Found a gateway to the freezing wastes of Cocytus.
129118 | Tar:1    | Entered Level 1 of Tartarus
129419 | Tar:2    | Found a huge runed gate.
129419 | Tar:2    | Found a huge runed gate.
129421 | Tar:2    | Found a huge runed gate.
129422 | Tar:2    | Found a huge runed gate.
129423 | Tar:2    | Found a huge runed gate.
129424 | Tar:2    | Found a huge runed gate.
129424 | Tar:2    | Found a huge runed gate.
129424 | Tar:2    | Found a huge runed gate.
129424 | Tar:2    | Found a huge runed gate.
129860 | Tar:2    | Noticed an ancient lich
129860 | Tar:2    | Noticed an ancient lich
129862 | Tar:2    | Reached skill level 1 in Long Blades
129863 | Tar:2    | Killed an ancient lich
129863 | Tar:2    | Reached skill level 15 in Evocations
129863 | Tar:2    | Killed an ancient lich
130576 | Tar:7    | Entered Level 7 of Tartarus
130668 | Tar:7    | Reached skill level 10 in Shields
131278 | Tar:7    | Reached skill level 25 in Conjurations
132754 | Tar:7    | Noticed Ereshkigal
132761 | Tar:7    | Killed Ereshkigal
132815 | Tar:7    | Got a bone rune of Zot
133299 | Tar:7    | Got a bloodstained hunting sling
133300 | Tar:7    | Identified the +1 hunting sling "Bipute" {freeze, +Fly rPois Stlth+} (You found it on level 7 of Tartarus)
133767 | Dis:1    | Entered Level 1 of the Iron City of Dis
133879 | Dis:1    | Gained mutation: You have a pair of small antennae on your head. [mutagenic glow]
135104 | Dis:5    | Reached skill level 5 in Long Blades
136954 | Dis:4    | Gained mutation: You are frail. (-10% HP) [mutagenic glow]
137731 | Dis:7    | Entered Level 7 of the Iron City of Dis
137767 | Hell     | Gained mutation: You are occasionally teleported next to monsters. [mutagenic glow]
140542 | Dis:7    | Noticed the Serpent of Hell
140946 | Lair:2   | Lost mutation: You have a pair of small antennae on your head. [potion of cure mutation]
140946 | Lair:2   | Lost mutation: You are somewhat resistant to further mutation. [potion of cure mutation]
140946 | Lair:2   | Lost mutation: You are occasionally teleported next to monsters. [potion of cure mutation]
140946 | Lair:2   | Lost mutation: You are frail. (-10% HP) [potion of cure mutation]
141509 | Dis:7    | Slain by the Serpent of Hell

Skill      XL: |  1  2  3  4  5  6  7  8  9 10 11 12 13 14 15 16 17 18 19 20 21 22 23 24 25 26 27 |
---------------+----------------------------------------------------------------------------------+-----
Conjurations   | 2 3 4 6 7 9 10 11 12 13 14 15 16 17 18 19 25 | 25.6
Fighting       | 1 2 3 4 5 7 8 9 10 11 12 13 14 15 16 19 | 19.9
Stealth        | 3 4 5 6 7 8 9 |  9.0
Dodging        | 2 3 4 5 6 7 8 9 10 11 12 17 | 17.3
Spellcasting   | 4 5 6 7 8 9 10 11 12 13 14 15 16 17 18 19 23 | 23.8
Maces & Flails | 1 |  1.2
Axes           | 1 |  1.0
Polearms       | 1 3 4 5 6 7 8 9 10 | 10.0
Charms         | 1 |  1.0
Fire Magic     | 2 4 5 6 7 8 9 10 11 12 13 14 21 | 21.9
Poison Magic   | 1 |  1.1
Armour         | 2 4 6 7 8 9 10 11 12 13 14 15 18 | 18.9
Air Magic      | 1 2 4 5 6 7 8 9 10 11 12 13 14 17 | 17.6
Translocations | 1 |  1.0
Hexes          | 2 3 |  3.0
Evocations     | 2 3 4 5 6 7 8 9 10 11 12 13 16 | 16.8
Summonings     | 2 4 5 6 7 |  7.3
Earth Magic    | 2 3 |  3.2
Shields        | 12 | 12.3
Long Blades    | 7 |  7.2

Action                   |  1- 3 |  4- 6 |  7- 9 | 10-12 | 13-15 | 16-18 | 19-21 | 22-24 | 25-27 || total
-------------------------+-------+-------+-------+-------+-------+-------+-------+-------+-------++-------
Melee: Dagger            |    60 |       |       |       |       |       |       |       |       ||    60
       Club              |    52 |    37 |       |       |       |       |       |       |       ||    89
       Spear             |       |    51 |    49 |       |       |       |       |       |       ||   100
       Hand axe          |       |    12 |    43 |       |       |       |       |       |       ||    55
       Flail             |       |       |   101 |       |       |       |       |       |       ||   101
       Trident           |       |       |    64 |       |       |       |       |     2 |       ||    66
       Halberd           |       |       |    80 |   567 |   735 |   907 |  1016 |   969 |  1489 ||  5763
       Staff             |       |       |       |       |       |    26 |       |       |    34 ||    60
       Scimitar          |       |       |       |       |       |       |     1 |       |       ||     1
       Long sword        |       |       |       |       |       |       |       |       |   204 ||   204
       Whip              |       |       |       |       |       |       |       |       |    28 ||    28
 Cast: Magic Dart        |    58 |    44 |    67 |   123 |   365 |   193 |    85 |    31 |    29 ||   995
       Conjure Flame     |       |     5 |    19 |    24 |    22 |    50 |    49 |   128 |    84 ||   381
       Mephitic Cloud    |       |     2 |    10 |    34 |    68 |     9 |    32 |    18 |    20 ||   193
       Repel Missiles    |       |     1 |     1 |     4 |     2 |     9 |    19 |     5 |    13 ||    54
       Iskenderun's Myst |       |       |     3 |    52 |   131 |   302 |   176 |    34 |    51 ||   749
       Fulminant Prism   |       |       |       |     3 |    15 |    11 |     8 |     9 |     2 ||    48
       Iskenderun's Batt |       |       |       |       |    80 |    69 |     9 |     2 |     2 ||   162
       Call Imp          |       |       |       |       |     2 |     1 |     1 |       |       ||     4
       Blink             |       |       |       |       |     2 |    17 |    13 |    15 |   124 ||   171
       Orb of Destructio |       |       |       |       |       |   129 |   138 |   230 |   593 ||  1090
       Iron Shot         |       |       |       |       |       |     9 |   182 |   314 |   870 ||  1375
       Aura of Abjuratio |       |       |       |       |       |     2 |    13 |     8 |   109 ||   132
       Summon Butterflie |       |       |       |       |       |       |     1 |     1 |    18 ||    20
       Fire Storm        |       |       |       |       |       |       |       |       |   598 ||   598
       Lehudib's Crystal |       |       |       |       |       |       |       |       |   166 ||   166
       Shadow Creatures  |       |       |       |       |       |       |       |       |     4 ||     4
       Tornado           |       |       |       |       |       |       |       |       |     4 ||     4
 Abil: Fly               |       |       |       |       |       |     1 |       |       |       ||     1
Evoke: Wand              |       |       |       |     1 |       |     4 |    15 |     7 |    30 ||    57
       Crystal ball of e |       |       |       |       |       |       |       |     9 |   410 ||   419
       Rod               |       |       |       |       |       |       |       |     2 |       ||     2
       Staff of energy   |       |       |       |       |       |       |       |       |   110 ||   110
  Use: Potion            |       |     1 |       |     5 |     3 |     2 |       |     1 |    13 ||    25
       Scroll            |       |     1 |     1 |    10 |    12 |    13 |     7 |     7 |    21 ||    72
 Stab: Sleeping          |     1 |     3 |    11 |     5 |     8 |     4 |     1 |     1 |     6 ||    40
       Confused          |       |     1 |     2 |     8 |    29 |       |     4 |     8 |     5 ||    57
       Distracted        |       |       |       |       |     3 |     1 |     1 |     1 |     1 ||     7
  Eat: Chunk             |     2 |     6 |    13 |    19 |    44 |    60 |    96 |   125 |   133 ||   498
       Pizza             |       |       |     1 |     1 |     1 |     2 |     1 |       |       ||     6
       Beef jerky        |       |       |       |       |     1 |     2 |       |       |     1 ||     4
       Fruit             |       |       |       |       |     7 |     9 |     7 |     3 |     5 ||    31
       Bread ration      |       |       |       |       |       |     3 |     1 |     4 |     2 ||    10
       Meat ration       |       |       |       |       |       |     2 |     1 |       |    16 ||    19
       Royal jelly       |       |       |       |       |       |       |       |       |     1 ||     1
Armor: Robe              |    47 |    39 |   130 |   216 |   229 |   418 |   660 |    12 |   864 ||  2615
       Ring mail         |       |       |       |       |    94 |   104 |       |       |       ||   198
       Quicksilver drago |       |       |       |       |       |       |       |   862 |   521 ||  1383
       Leather armour    |       |       |       |       |       |       |       |       |   600 ||   600
       Skin              |       |       |       |       |       |       |       |       |    20 ||    20
Dodge: Dodged            |    68 |    42 |   168 |   281 |   424 |   593 |   814 |   805 |  2133 ||  5328
       Deflected         |       |     1 |     1 |     7 |     7 |    95 |   121 |    57 |   111 ||   400
Block: Other             |       |       |       |       |    75 |    83 |    54 |       |       ||   212
       Reflection        |       |       |       |       |     3 |    12 |     5 |       |       ||    20
       Buckler           |       |       |       |       |       |       |       |       |   293 ||   293
       Rpst.: Long sword |       |       |       |       |       |       |       |       |    48 ||    48
